 Dungeon Crawl Stone Soup version 0.31-a0-986-g5e6e4ef867 (webtiles) character file.

Game seed: 17853547699834576193

280 promet the Reanimator (level 6, 0/44 HPs)
             Began as a Gnoll Wanderer on Nov 6, 2023.
             Succumbed to an adder's poison
             ... on level 3 of the Dungeon on Nov 7, 2023.
             The game lasted 00:27:39 (5846 turns).

promet the Reanimator (Gnoll Wanderer)              Turns: 5846, Time: 00:27:40

Health: 0/44       AC:  7    Str: 12    XL:     6   Next: 27%
Magic:  14/14      EV: 10    Int: 12    God:
Gold:   129        SH:  0    Dex: 12    Spells: 11/15 levels left

rFire   . . .        a - +2 morningstar (holy)
rCold   . . .        (no shield)
rNeg    . . .        g - +0 ring mail
rPois   .            (no helmet)
rElec   .            k - +0 cloak
rCorr   .            (no gloves)
SInv    .            (no boots)
Will    .....        (no amulet)
Stlth   +            (no ring)
HPRegen 0.27/turn    (no ring)
MPRegen 0.14/turn

%: no passive effects
@: lethally poisoned (0 -> -10)
A: fangs 1, strong nose, distributed training
a: no special abilities


You were on level 3 of the Dungeon.
You visited 1 branch of the dungeon, and saw 4 of its levels.

You collected 129 gold pieces.

Inventory:

Hand Weapons
 a - a +2 morningstar of holy wrath (weapon)
 b - a +0 sling of chaos
 c - a +0 dagger of venom
 d - a +0 dagger of draining
 e - a +1 dagger of speed
Missiles
 h - 10 poisoned darts
 l - a throwing net
Armour
 g - a +0 ring mail (worn)
 k - a +0 cloak (worn)
Potions
 f - 2 potions of brilliance {unknown}
 i - a potion of ambrosia {unknown}


   Skills:
 + Level 1.9 Fighting
 + Level 1.9 Short Blades
 + Level 1.9 Long Blades
 + Level 1.9 Axes
 + Level 1.9 Maces & Flails
 + Level 1.9 Polearms
 + Level 1.9 Staves
 + Level 3.2 Ranged Weapons
 + Level 1.9 Throwing
 + Level 5.0 Armour
 + Level 1.9 Dodging
 + Level 1.9 Stealth
 + Level 1.9 Shields
 + Level 1.9 Unarmed Combat
 + Level 5.3 Spellcasting
 + Level 1.5 Conjurations
 + Level 1.5 Hexes
 + Level 1.5 Summonings
 + Level 8.9 Necromancy
 + Level 1.5 Translocations
 + Level 1.5 Transmutations
 + Level 1.5 Fire Magic
 + Level 1.5 Ice Magic
 + Level 1.5 Air Magic
 + Level 1.5 Earth Magic
 + Level 1.5 Poison Magic
 + Level 2.1 Invocations
 + Level 1.9 Evocations
 + Level 1.7 Shapeshifting


You had 11 spell levels left.
You knew the following spells:

 Your Spells              Type           Power      Damage    Failure   Level
a - Necrotise             Necr           96%        1d8       1%          1
b - Vampiric Draining     Necr           24%        2d7       3%          3

Your spell library contained the following spells:

 Spells                   Type           Power      Damage    Failure   Level
 Cigotuvi's Dreadful Rot  Necr/Pois/Air  24%        N/A       12%         2
 Stone Arrow              Conj/Erth      12%        3d7       54%         3
 Animate Armour           Summ/Erth      12%        N/A       91%         4
 Lehudib's Crystal Spear  Conj/Erth      3%         10d2      100%        8


Dungeon Overview and Level Annotations

Branches:
Dungeon (4/15)
 Temple: D:4-7

Altars:

Shops:
D:1 ?

Annotations:
D:3 Edmund


Innate Abilities, Weirdness & Mutations

You have very sharp teeth.
Your uncanny sense of smell can sniff out nearby items.
Your experience applies equally to all skills.


Message History

The adder bites you but does no damage. The adder attacks as it pursues you!
The adder bites you but does no damage. The adder attacks as it pursues you!
The adder bites you but does no damage. The adder attacks as it pursues you!
The adder bites you but does no damage. x2
The adder attacks as it pursues you! The adder barely misses you.
There is a stone staircase leading up, spattered with blood here.
The adder bites you but does no damage. The adder bites you.
You climb upwards.
Level annotation: Edmund Reactivating autopickup.
There is a stone staircase leading down here.
You closely miss the adder. The adder bites you.
You are poisoned.
The adder poisons you! The adder bites you.
You are more poisoned.
The adder poisons you!
You hit the adder.
The adder is lightly wounded.
* * * LOW HITPOINT WARNING * * *
You feel very sick. The adder bites you.
* * * LOW HITPOINT WARNING * * *
You are lethally poisoned!
The adder poisons you!
You miss the adder.
The adder is lightly wounded.
* * * LOW HITPOINT WARNING * * *
You feel very sick. The adder completely misses you.
The adder bites you but does no damage.
You barely miss the adder. You bite the adder.
The adder is lightly wounded.
* * * LOW HITPOINT WARNING * * *
You feel very sick. The adder misses you. The adder bites you.
* * * LOW HITPOINT WARNING * * *
You are more poisoned.
The adder poisons you!
You closely miss the adder. Your bite misses the adder.
The adder is lightly wounded.
You die...

##....### #.....# #.#
##..#..## ###########.#
.#..##..# #........#
...###..# #.#####..#
...###..########.##.....#
..####..#.....##.##.##.##
######....###.##.##.##.#
##...# #.##S......#
##..###...@...####
#......####### ########


You could see an adder.

Vanquished Creatures
  A scorpion (D:4)
  A hound (D:3)
  An orc priest (D:4)
  An iguana (D:4)
  An orc wizard (D:3)
  3 adders
  3 worms (D:2)
  3 dart slugs
  8 orcs
  6 endoplasms
  4 giant cockroaches
  4 goblins
  4 hobgoblins
  3 jackals (D:3)
  2 quokkas (D:1)
  7 ball pythons
  5 bats
  2 frilled lizards
  5 kobolds
  3 rats
67 creatures vanquished.

Notes
Turn   | Place    | Note
-------+----------+-------------------------------------------
     0 | D:1      | promet the Gnoll Wanderer began the quest for the Orb.
     0 | D:1      | promet set off with the following items: a +0 sling, a +0
                  | ring mail, a scroll of blinking; and the following spell
                  | memorised: Necrotise; and the following spells available to
                  | memorise: Vampiric Draining, Cigotuvi's Dreadful Rot.
     0 | D:1      | Reached XP level 1. HP: 13/13 MP: 6/6
   600 | D:1      | Found Hepao's Magic Scroll Boutique.
   870 | D:1      | Reached XP level 2. HP: 19/19 MP: 7/7
  1655 | D:2      | Reached skill level 5 in Spellcasting
  1655 | D:2      | Reached XP level 3. HP: 14/25 MP: 7/9
  2052 | D:2      | Reached skill level 1 in Invocations
  2523 | D:2      | Reached skill level 1 in Fighting
  2523 | D:2      | Reached skill level 1 in Short Blades
  2523 | D:2      | Reached skill level 1 in Long Blades
  2523 | D:2      | Reached skill level 1 in Axes
  2523 | D:2      | Reached skill level 1 in Maces & Flails
  2523 | D:2      | Reached skill level 1 in Polearms
  2523 | D:2      | Reached skill level 1 in Staves
  2523 | D:2      | Reached skill level 1 in Throwing
  2523 | D:2      | Reached skill level 1 in Dodging
  2523 | D:2      | Reached skill level 1 in Stealth
  2523 | D:2      | Reached skill level 1 in Shields
  2523 | D:2      | Reached skill level 1 in Unarmed Combat
  2523 | D:2      | Reached skill level 1 in Evocations
  2675 | D:2      | Reached XP level 4. HP: 32/32 MP: 11/11
  2779 | D:2      | Learned a level 3 spell: Vampiric Draining
  2955 | D:3      | Reached skill level 1 in Shapeshifting
  3515 | D:3      | Reached skill level 1 in Conjurations
  3515 | D:3      | Reached skill level 1 in Hexes
  3515 | D:3      | Reached skill level 1 in Summonings
  3515 | D:3      | Reached skill level 1 in Translocations
  3515 | D:3      | Reached skill level 1 in Transmutations
  3515 | D:3      | Reached skill level 1 in Fire Magic
  3515 | D:3      | Reached skill level 1 in Ice Magic
  3515 | D:3      | Reached skill level 1 in Air Magic
  3515 | D:3      | Reached skill level 1 in Earth Magic
  3515 | D:3      | Reached skill level 1 in Poison Magic
  4175 | D:4      | Identified the "Xoaf"
  4175 | D:4      | Noticed a scorpion
  4484 | D:4      | Noticed Edmund
  4498 | D:3      | Reached XP level 5. HP: 21/37 MP: 12/12
  5171 | D:4      | Reached XP level 6. HP: 13/44 MP: 8/13
  5171 | D:4      | HP: 1/44 [orc/+0 flail (4)]
  5482 | D:4      | Reached skill level 5 in Armour
  5845 | D:3      | HP: 2/44 [adder (1)]
  5846 | D:3      | Succumbed to an adder's poison

Illustrated notes

Levels and vault maps discovered:
D:1:      dpeg_arrival_castle, layout_basic, serial_shops,
          nicolae_shop_advertising_works [nicolae_subvault_shop_adworks]
D:2:      layout_basic, minmay_misc_feat_iff, grunt_ministairs_13
D:3:      layout_loops_cross, minmay_misc_feat_doors,
          chequers_serial_rivers_micro_a, hangedman_glass_teeth
D:4:      layout_rooms, minmay_temple_entry_proselytizer, uniq_natasha,
          uniq_edmund

Skill      XL: |  1  2  3  4  5  6 |
---------------+-------------------+-----
Spellcasting   | 5 |  5.3
Invocations    | 1 2 |  2.1
Fighting       | 1 |  1.9
Short Blades   | 1 |  1.9
Long Blades    | 1 |  1.9
Axes           | 1 |  1.9
Maces & Flails | 1 |  1.9
Polearms       | 1 |  1.9
Staves         | 1 |  1.9
Throwing       | 1 |  1.9
Dodging        | 1 |  1.9
Stealth        | 1 |  1.9
Shields        | 1 |  1.9
Unarmed Combat | 1 |  1.9
Evocations     | 1 |  1.9
Shapeshifting  | 1 |  1.7
Conjurations   | 1 |  1.5
Hexes          | 1 |  1.5
Summonings     | 1 |  1.5
Translocations | 1 |  1.5
Transmutations | 1 |  1.5
Fire Magic     | 1 |  1.5
Ice Magic      | 1 |  1.5
Air Magic      | 1 |  1.5
Earth Magic    | 1 |  1.5
Poison Magic   | 1 |  1.5
Ranged Weapons | 3 |  3.2
Armour         | 5 |  5.0
Necromancy     | |  8.9

Action                     |  1- 3 |  4- 6 || total
---------------------------+-------+-------++-------
  Melee: Dagger            |    34 |       ||    34
         Morningstar       |    70 |    96 ||   166
         Bite              |    11 |    13 ||    24
   Fire: Sling             |    47 |    22 ||    69
   Cast: Necrotise         |       |    10 ||    10
         Vampiric Draining |       |     5 ||     5
    Use: Scroll            |     4 |     4 ||     8
         Potion            |       |     4 ||     4
 Armour: Ring mail         |   107 |   175 ||   282
  Dodge: Dodged            |    72 |   117 ||   189

Table legend: (Time is in decaauts)
 A = Elapsed time spent in this place.
 B = Non-inter-level travel time spent in this place.
 C = Inter-level travel time spent in this place.
 D = Time resting spent in this place.
 E = Time spent auto-exploring this place.
 F = Levels seen in this place.
 G = Mean time per level.
                   A        B        C        D        E       F      G
               +--------+--------+--------+--------+--------+-----+--------+
         Total |   5929 |   5762 |    167 |   2596 |   1082 |   4 | 1482.2 |
       Dungeon |   5929 |   5762 |    167 |   2596 |   1082 |   4 | 1482.2 |
               +--------+--------+--------+--------+--------+-----+--------+

Top non-repeatable levels by time:
     D:3: 2132 daAuts
     D:2: 1840 daAuts
     D:1: 1546 daAuts
     D:4: 409 daAuts
